 Dungeon Crawl Stone Soup version 0.25-a0-294-gea9b1ad378 (webtiles) character file.

Game seed: 5487112079887040161, levelgen mode: deterministic

119 MrRokkomies the Changer (level 5, 0/37 HPs)
             Began as a Gnoll Wanderer on Dec 16, 2019.
             Was a Follower of Cheibriados.
             Slain by a gnoll
             ... wielding a +0 spear
              (6 damage)
             ... on level 3 of the Dungeon.
             The game lasted 00:05:13 (2792 turns).

MrRokkomies the Changer (Gnoll Wanderer)            Turns: 2792, Time: 00:05:14

Health: 0/37       AC:  2    Str: 17    XL:     5   Next: 3%
Magic:  12/12      EV: 12    Int: 18    God:    Cheibriados [*.....]
Gold:   67         SH:  0    Dex: 18    Spells: 14/14 levels left

rFire    . . .     SeeInvis .   a - +2 dagger
rCold    . . .     Gourm    .   (no shield)
rNeg     . . .     Faith    .   d - +0 robe
rPois    .         Spirit   .   (no helmet)
rElec    .         Reflect  .   (no cloak)
rCorr    .         Harm     .   (no gloves)
MR       .....                  (no boots)
Stlth    ++........             (no amulet)
HPRegen  0.12/turn              (no ring)
MPRegen  0.13/turn              (no ring)

@: lethally poisoned (0 -> -4), lightly drained, very slow
A: distributed training, fangs 1, strong nose
a: Bend Time, Renounce Religion


You were on level 3 of the Dungeon.
You worshipped Cheibriados.
Cheibriados was aware of your devotion.
You were not hungry.

You visited 1 branch of the dungeon, and saw 3 of its levels.

You collected 67 gold pieces.

Inventory:

Hand Weapons
 a - a +2 dagger (weapon)
Missiles
 b - a curare-tipped dart
 c - 13 arrows
 g - 118 stones
 j - 16 poisoned darts (quivered)
 r - 20 bolts
Armour
 d - a +0 robe (worn)
Jewellery
 e - an uncursed amulet of harm
Scrolls
 h - 3 scrolls of identify
 k - a scroll of remove curse
 n - 2 scrolls of amnesia {unknown}
 p - a scroll of immolation {unknown}
 t - a scroll of teleportation {unknown}
Potions
 i - a potion of mutation
 l - 2 potions of berserk rage
 m - a potion of degeneration {unknown}
 o - a potion of curing {unknown}
 q - a potion of magic {unknown}
Comestibles
 f - 4 rations


   Skills:
 + Level 1.3(0.8) Fighting
 + Level 1.3(0.8) Short Blades
 + Level 1.3(0.8) Long Blades
 + Level 1.3(0.8) Axes
 + Level 1.3(0.8) Maces & Flails
 + Level 1.3(0.8) Polearms
 + Level 1.3(0.8) Staves
 + Level 1.3(0.8) Slings
 + Level 1.3(0.8) Bows
 + Level 1.3(0.8) Crossbows
 + Level 4.7(4.2) Throwing
 + Level 1.3(0.8) Armour
 + Level 1.3(0.8) Dodging
 + Level 1.3(0.8) Stealth
 + Level 1.3(0.8) Shields
 + Level 1.3(0.8) Unarmed Combat
 + Level 5.1(4.6) Spellcasting
 + Level 1.0(0.6) Conjurations
 + Level 1.0(0.6) Hexes
 + Level 1.0(0.6) Charms
 + Level 2.3(1.8) Summonings
 + Level 1.0(0.6) Necromancy
 + Level 1.0(0.6) Translocations
 + Level 7.1(6.6) Transmutations
 + Level 1.0(0.6) Fire Magic
 + Level 1.0(0.6) Ice Magic
 + Level 2.3(1.8) Air Magic
 + Level 1.0(0.6) Earth Magic
 + Level 1.0(0.6) Poison Magic
 + Level 1.4(0.9) Invocations
 + Level 1.3(0.8) Evocations


You had 14 spell levels left.
You didn't know any spells.
Your spell library contained the following spells:

 Spells                   Type           Power        Failure   Level  Hunger
 Sticks to Snakes         Tmut           ####....     1%          2    #......
 Passwall                 Tmut/Erth      ###.....     4%          2    #......
 Magic Dart               Conj           #...         11%         1    None
 Searing Ray              Conj           #.....       16%         2    #......
 Dazzling Flash           Conj/Hex       #.....       32%         3    ###....
 Fulminant Prism          Conj/Hex       #.........   71%         4    ####...
 Iskenderun's Mystic Bla  Conj/Tloc      #.......     71%         4    ####...


Dungeon Overview and Level Annotations

Branches:
Dungeon (3/15)

Altars:
Cheibriados
Ru
Yredelemnul


Innate Abilities, Weirdness & Mutations

Your experience applies equally to all skills.
You have very sharp teeth.
Your uncanny sense of smell can sniff out nearby items.


Message History

The gnoll is moderately wounded.
The adder closely misses you. The gnoll closely misses you.
Throwing (i - inventory. (/) - cycle)
j - 18 poisoned darts (quivered)
Press: ? - help, Shift-Dir - straight line, f/p - adder
Aim: an adder (heavily wounded)
You throw a poisoned dart. The poisoned dart hits the adder.
The adder is heavily wounded.
You feel sick. The adder closely misses you.
The gnoll hits you from afar with a +0 spear!
* * * LOW HITPOINT WARNING * * *
Throwing (i - inventory. (/) - cycle)
j - 17 poisoned darts (quivered)
Press: ? - help, Shift-Dir - straight line, f/p - adder
Aim: an adder (heavily wounded)
You throw a poisoned dart.
The poisoned dart closely misses the adder.
The poisoned dart hits the gnoll.
The gnoll looks as sick as possible!
The gnoll is severely wounded.
The adder completely misses you.
The gnoll hits you from afar with a +0 spear.
You die...

........<#.##.###...#.....≈######
........#...#.#.....####.###
........#...#.#..≈≈≈.....#
######.##...#.#.≈≈≈≈≈..#.#
#......#.#.≈≈.≈≈..#.#
####..##.##≈≈≈≈≈..#.#
#...#.###≈≈≈#.##.#
###.#.#.####_#.[...########
.....<.ggS@###.............
....#.#.###.###############
#####..g..#.# ....#.#.#.#
..#####.#.#.# ..# #.# ### .# .#


You could see a gnoll, an adder and a hobgoblin.

Vanquished Creatures
  A centaur zombie (D:3)
  3 gnolls (D:2)
  An adder (D:2)
  An ooze (D:2)
  2 worms (D:2)
  2 dart slugs
  A leopard gecko (D:1)
  A giant cockroach (D:2)
  4 goblins
  2 hobgoblins
  3 jackals (D:2)
  4 kobolds (D:1)
  4 bats
  5 frilled lizards
  4 rats
38 creatures vanquished.

Notes
Turn   | Place    | Note
-------+----------+-------------------------------------------
     0 | D:1      | MrRokkomies the Gnoll Wanderer began the quest for the Orb.
     0 | D:1      | MrRokkomies set off with the following items: a +2 dagger,
                  | a curare-tipped dart, a +0 robe, a ration; and the
                  | following spells available to memorise: Sticks to Snakes,
                  | Passwall
     0 | D:1      | Reached XP level 1. HP: 13/13 MP: 6/6
   393 | D:1      | Reached XP level 2. HP: 14/19 MP: 7/7
  1192 | D:2      | Reached XP level 3. HP: 23/25 MP: 9/9
  1196 | D:2      | Reached skill level 5 in Spellcasting
  1268 | D:2      | Reached skill level 1 in Invocations
  1280 | D:2      | Reached skill level 1 in Fighting
  1280 | D:2      | Reached skill level 1 in Short Blades
  1280 | D:2      | Reached skill level 1 in Long Blades
  1280 | D:2      | Reached skill level 1 in Axes
  1280 | D:2      | Reached skill level 1 in Maces & Flails
  1280 | D:2      | Reached skill level 1 in Polearms
  1280 | D:2      | Reached skill level 1 in Staves
  1280 | D:2      | Reached skill level 1 in Slings
  1280 | D:2      | Reached skill level 1 in Bows
  1280 | D:2      | Reached skill level 1 in Crossbows
  1280 | D:2      | Reached skill level 1 in Armour
  1280 | D:2      | Reached skill level 1 in Dodging
  1280 | D:2      | Reached skill level 1 in Stealth
  1280 | D:2      | Reached skill level 1 in Shields
  1280 | D:2      | Reached skill level 1 in Unarmed Combat
  1280 | D:2      | Reached skill level 1 in Evocations
  1280 | D:2      | Reached XP level 4. HP: 12/32 MP: 11/11
  1552 | D:2      | Found a faded altar of an unknown god.
  1562 | D:2      | Became a worshipper of Cheibriados the Contemplative
  1562 | D:2      | Reached * piety under Cheibriados
  1649 | D:2      | Found a basalt altar of Yredelemnul.
  2420 | D:3      | Reached skill level 1 in Conjurations
  2420 | D:3      | Reached skill level 1 in Hexes
  2420 | D:3      | Reached skill level 1 in Charms
  2420 | D:3      | Reached skill level 1 in Necromancy
  2420 | D:3      | Reached skill level 1 in Translocations
  2420 | D:3      | Reached skill level 1 in Fire Magic
  2420 | D:3      | Reached skill level 1 in Ice Magic
  2420 | D:3      | Reached skill level 1 in Earth Magic
  2420 | D:3      | Reached skill level 1 in Poison Magic
  2420 | D:3      | Reached XP level 5. HP: 7/37 MP: 12/12
  2693 | D:3      | Found a snail-covered altar of Cheibriados.
  2736 | D:3      | Found a sacrificial altar of Ru.
  2792 | D:3      | Slain by a gnoll

Levels and vault maps discovered:
D:1:      dpeg_arrival_solitude, layout_loops_ring, minmay_misc_feat_doors,
          nrook_mini_backslash, serial_bayou_pond_a
D:2:      layout_loops_ring, chequers_ecumenical_altar_simple_redux,
          first_ration, grunt_ministairs_10, yredelemnul_altar_generic
D:3:      layout_basic, kennysheep_slug_shrine, nicolae_ru_path_of_blood

Skill      XL: |  1  2  3  4 |
---------------+-------------+-----
Summonings     | 2 |  2.3
Air Magic      | 2 |  2.3
Spellcasting   | 5 |  5.1
Invocations    | 1 |  1.4
Fighting       | 1 |  1.3
Short Blades   | 1 |  1.3
Long Blades    | 1 |  1.3
Axes           | 1 |  1.3
Maces & Flails | 1 |  1.3
Polearms       | 1 |  1.3
Staves         | 1 |  1.3
Slings         | 1 |  1.3
Bows           | 1 |  1.3
Crossbows      | 1 |  1.3
Armour         | 1 |  1.3
Dodging        | 1 |  1.3
Stealth        | 1 |  1.3
Shields        | 1 |  1.3
Unarmed Combat | 1 |  1.3
Evocations     | 1 |  1.3
Conjurations   | 1 |  1.0
Hexes          | 1 |  1.0
Charms         | 1 |  1.0
Necromancy     | 1 |  1.0
Translocations | 1 |  1.0
Fire Magic     | 1 |  1.0
Ice Magic      | 1 |  1.0
Earth Magic    | 1 |  1.0
Poison Magic   | 1 |  1.0
Throwing       | |  4.7
Transmutations | |  7.1

Action                   |  1- 3 |  4- 6 || total
-------------------------+-------+-------++-------
Melee: Dagger            |    37 |    70 ||   107
       Bite              |     2 |    10 ||    12
Throw: Dart              |    28 |    12 ||    40
  Use: Scroll            |     3 |       ||     3
 Stab: Sleeping          |     1 |     1 ||     2
  Eat: Chunk             |     1 |     3 ||     4
Armor: Robe              |     9 |    13 ||    22
Dodge: Dodged            |    29 |    40 ||    69

Table legend:
 A = Non-vault XP
 B = Vault XP
 C = Vault XP percentage of total XP
 D = Non-vault monster count
 E = Vault monster count
 F = Vault count percentage of total count
                 A         B        C        D         E       F
            +---------+---------+-------+---------+---------+-------
      Total |     155 |      15 |   8.8 |      33 |       5 |  13.2
            +---------+---------+-------+---------+---------+-------
        D:1 |      26 |       0 |   0.0 |      15 |       0 |   0.0
        D:2 |      81 |      11 |  12.0 |      15 |       4 |  21.1
        D:3 |      48 |       4 |   7.7 |       3 |       1 |  25.0
            +---------+---------+-------+---------+---------+-------
